 Dungeon Crawl Stone Soup version 0.31.0-11-ge490571c62 (webtiles) character file.

Game seed: 15152709689606811371

118 Gadfly the Insei (level 4, -3/35 HPs)
             Began as a Demonspawn Monk on Feb 2, 2024.
             Slain by a gnoll
             ... wielding a +0 halberd
              (12 damage)
             ... on level 3 of the Dungeon.
             The game lasted 00:02:19 (2543 turns).

Gadfly the Insei (Demonspawn Monk)                  Turns: 2543, Time: 00:02:20

Health: -3/35      AC:  3    Str: 14    XL:     4   Next: 72%
Magic:  4/4        EV: 18    Int: 10    God:
Gold:   166        SH:  0    Dex: 15    Spells: 3/3 levels left

rFire   . .          .
                       - Unarmed
rCold   . . .        (no shield)
rNeg    . . .        a - +1 robe
rPois   .            (no helmet)
rElec   .            (no cloak)
rCorr   .            (no gloves)
SInv    .            (no boots)
Will    .....        (no amulet)
Stlth   +            k - +5 ring of evasion
HPRegen 0.25/turn    (no ring)
MPRegen 0.09/turn

%: no passive effects
@: no status effects
A: ignite blood 1, powered by pain 1, demonic touch 1
a: no special abilities


You were on level 3 of the Dungeon.
You visited 1 branch of the dungeon, and saw 3 of its levels.

You collected 199 gold pieces.
You spent 33 gold pieces at shops.

Inventory:

Armour
 a - a +1 robe (worn)
 c - an orb of light
Jewellery
 k - a +5 ring of evasion (left hand)
Scrolls
 g - a scroll of fog
 h - 2 scrolls of teleportation
 i - a scroll of vulnerability {unknown}
Potions
 b - a potion of ambrosia
 d - a potion of lignification
 e - 2 potions of curing
 f - 2 potions of magic {unknown}
 j - a potion of enlightenment {unknown}


   Skills:
 - Level 3.0 Fighting
 + Level 3.1 Dodging
 * Level 3.4 Unarmed Combat
 * Level 2.1 Evocations
 * Level 1.8 Shapeshifting


You had 3 spell levels left.
You didn't know any spells.
Your spell library was empty.

Dungeon Overview and Level Annotations

Branches:
Dungeon (3/15)

Altars:
Xom
Yredelemnul

Shops:
D:1 [:!


Innate Abilities, Weirdness & Mutations

Your demonic aura sometimes causes spilled blood to erupt in flames.
You sometimes gain a little power by taking damage.
Your touch may inflict minor irresistible damage on your foes.


Message History

You hit the gnoll.
The gnoll is lightly wounded.
The gnoll hits you with a +0 halberd. The gnoll barely misses you.
You hit the gnoll.
The gnoll is moderately wounded.
The gnoll closely misses you. The gnoll barely misses you.
You hit the gnoll. Your touch misses the gnoll.
The gnoll is heavily wounded.
The gnoll barely misses you.
The gnoll hits you from afar with a +0 spear!
* * * LOW HITPOINT WARNING * * *
You are too injured to fight recklessly!
You are too injured to fight recklessly!
You are too injured to fight recklessly!
You are too injured to fight recklessly!
You are too injured to fight recklessly!
You are too injured to fight recklessly!
You are too injured to fight recklessly!
You are too injured to fight recklessly!
You are too injured to fight recklessly!
You are too injured to fight recklessly!
You are too injured to fight recklessly!
You are too injured to fight recklessly!
You are too injured to fight recklessly!
You are too injured to fight recklessly!
You are too injured to fight recklessly!
Unknown command.
The gnoll misses you. The gnoll attacks as it pursues you!
The gnoll closely misses you. The gnoll attacks as it pursues you!
The gnoll completely misses you. The gnoll attacks as it pursues you!
The gnoll barely misses you. The gnoll attacks as it pursues you!
The gnoll hits you from afar with a +0 halberd.
* * * LOW HITPOINT WARNING * * *
The gnoll attacks as it pursues you! The gnoll misses you.
The gnoll attacks as it pursues you! The gnoll barely misses you.
The gnoll attacks as it pursues you! The gnoll closely misses you.
The gnoll attacks as it pursues you!
The gnoll hits you from afar with a +0 halberd!
You die...

#.# #..# #.# #.# #..# #.#######
#.# #..# #........ #.# #..#
####### #g####### #.# #.<#
#.....# #.# #
#.###>.######.###.##### #r# #
#.##.......##.#.......# #.# #
#.##...###.##.#<#.###.# #g# ##
.......# #.#....@.g...###.# ##.
##########...#######gr.##.#####.#
# #...###♣♣♣♣♣###.g......... #
##.###♣♣....♣♣♣###..#####..
#######..#♣♣.........♣♣#..# ##...
......#.##♣...........♣#..###....
.###....#♣............♣#..##.)...
.# #.#.##♣............♣#...#.....
.# #.#.#♣..♣♣♣♣♣♣.._..♣#.........


You could see 3 gnolls and a rat.

Vanquished Creatures
  An adder (D:2)
  4 gnolls (D:2)
  3 dart slugs
  3 ribbon worms (D:2)
  An orc (D:3)
  8 ball pythons
  5 endoplasms
  2 giant cockroaches (D:1)
  6 goblins
  3 hobgoblins (D:1)
  2 quokkas
  6 bats
  3 frilled lizards
  6 kobolds
  4 rats
57 creatures vanquished.

Notes
Turn   | Place    | Note
-------+----------+-------------------------------------------
     0 | D:1      | Gadfly the Demonspawn Monk began the quest for the Orb.
     0 | D:1      | Reached XP level 1. HP: 18/18 MP: 1/1
   111 | D:1      | Gained mutation: Your touch may inflict minor irresistible
                  | damage on your foes. [demonic ancestry]
   111 | D:1      | Reached XP level 2. HP: 20/24 MP: 2/2
   236 | D:1      | Reached skill level 1 in Evocations
   304 | D:1      | Found Soyfoud's Distillery.
   330 | D:1      | Bought a potion of curing for 33 gold pieces
   352 | D:1      | Found Atui's Book Shop.
   362 | D:1      | Reached skill level 1 in Shapeshifting
   393 | D:1      | Gained mutation: You sometimes gain a little power by
                  | taking damage. [demonic ancestry]
   393 | D:1      | Reached XP level 3. HP: 29/29 MP: 3/3
   395 | D:1      | Found Miehywn's Armour Shop.
   718 | D:2      | Found a shimmering altar of Xom.
  1422 | D:2      | Gained mutation: Your demonic aura sometimes causes spilled
                  | blood to erupt in flames. [demonic ancestry]
  1422 | D:2      | Reached XP level 4. HP: 34/35 MP: 4/4
  2361 | D:3      | Found a basalt altar of Yredelemnul.
  2543 | D:3      | Slain by a gnoll

Illustrated notes

Levels and vault maps discovered:
D:1:      dpeg_arrival_three_same_balls, layout_basic, serial_shops, shop, shop,
          nicolae_shop_crystal
D:2:      minmay_angry_zag, layout_basic, basic_altar, minmay_tromino_v4_a
D:3:      layout_loops_ring, kennysheep_ying_yang,
          gammafunk_temple_overflow_elements

Skill      XL: |  1  2  3  4 |
---------------+-------------+-----
Evocations     | 1 2 |  2.1
Unarmed Combat | 3 |  3.4
Shapeshifting  | 1 |  1.8
Dodging        | 3 |  3.1
Fighting       | |  3.0

Action                     |  1- 3 |  4- 6 || total
---------------------------+-------+-------++-------
  Melee: Unarmed           |   125 |    44 ||   169
         Touch             |     5 |     9 ||    14
    Use: Scroll            |     5 |       ||     5
   Stab: Sleeping          |     1 |       ||     1
 Armour: Robe              |    35 |    24 ||    59
  Dodge: Dodged            |   100 |    44 ||   144
